Map: Ulrena

Players

LilDicky

  • Race: Terran Terran
  • League: Diamond

HerOSteve - Winner!

  • Race: Protoss Protoss
  • League: Platinum

VOD

http://www.twitch.tv/tumescentpie

Description

Time

  • Played on: Nov. 24, 2015, 7:03 p.m.
  • Length: 11:55
Show
View Real Time Build Order
Export as new Build Order

LilDicky Terran 

Build Orders: MMM Bio 

Get SALT Encoding   

  12  0:01  SCV  
  13  0:14  SCV  
  14  0:18  Supply Depot  
  14  0:26  SCV  
  15  0:30  Refinery  
  15  0:39  SCV  
  16  0:46  Barracks  
  16  0:51  SCV  
  17  1:04  SCV  
  18  1:16  SCV  
  19  1:28  SCV  
  20  1:34  Factory  
  20  1:35  Marine  
  20  1:37  Supply Depot  
  21  1:41  Orbital Command  
  21  1:59  Marine  
  22  2:15  Barracks x2  
  22  2:31  SCV, Refinery, Barracks Reactor  
  22  2:36  Supply Depot  
  22  2:53  Widow Mine  
  22  2:55  SCV  
  25  3:03  Barracks Tech Lab x2  
  25  3:07  SCV  
  25  3:11  Marine x2  
  28  3:18  Supply Depot  
  29  3:20  SCV  
  29  3:21  Combat Shields  
  29  3:22  Stimpack, Marine  
  29  3:23  Marine  
  31  3:33  Widow Mine  
  33  3:36  SCV  
  33  3:39  Marine x2  
  38  3:41  Marauder  
  38  3:42  Marauder  
  40  3:50  Supply Depot  
  40  4:17  Marine  
  40  4:18  Marine x2  
  40  4:19  Marine  
  40  4:20  SCV  
  43  4:27  Supply Depot  
  41  4:32  SCV  
  41  4:35  Starport, Marine x2  
  46  4:40  Marauder x2  
  46  4:41  Concussive Shells  
  48  4:53  Marine x2  
  50  5:01  Marauder  
  50  5:02  Marauder  
  56  5:11  Viking  
  56  5:25  Supply Depot  
  56  5:27  Marauder, Marine x2  
  56  5:28  Marauder  
  56  6:09  Marine x2  
  56  6:10  Marauder x2  
  56  6:12  Medivac  
  51  6:27  Marine x2  
  51  6:32  Marauder  
  50  6:42  Medivac  
  52  7:00  Marine x2  
  52  7:01  Marauder  
  53  7:03  SCV  
  54  7:10  Command Center, Supply Depot  
  54  7:11  Medivac, Marine  
  57  7:18  Marine  
  57  7:22  Marauder  
  53  7:47  Marine  
  53  7:48  Marine x3  
  53  7:50  Medivac  
  53  8:05  Marine x2  
  53  8:06  Marauder x2  
  43  8:23  Marine  
  40  8:28  Marauder  
  40  8:31  Starport Reactor  
  40  8:32  Barracks  
  40  8:33  Barracks x2  
  40  8:34  Marine  
  42  8:41  SCV, Marine  
  45  8:49  Orbital Command  
  45  8:53  SCV  
  45  9:04  Engineering Bay  
  45  9:12  Marine x3  
  45  9:13  Marauder  
  45  9:14  SCV  
  51  9:21  Barracks Tech Lab  
  51  9:22  Barracks Reactor  
  51  9:24  Barracks Reactor  
  51  9:28  Factory  
  51  9:30  Medivac, Marine  
  54  9:33  Terran Infantry Weapons Level 1  
  54  9:39  Marine x2  
  56  9:47  Marine x2  
  56  9:48  Marine  
  56  9:52  Medivac  
  61  9:57  Marauder  
  61  9:59  Marine x2  
  64  10:02  Medivac  
  64  10:06  Marine x2, Marauder x2  
  72  10:22  Refinery  
  72  10:24  Refinery  
  72  10:25  Marine x2  
  72  10:26  Marine  
  72  10:28  Marine  
  75  10:29  Orbital Command  
  75  10:30  Refinery x2, Marine  
  68  10:52  Marine x3  
  67  10:58  Marine x2  
  67  10:59  Marauder x2  
  70  11:06  Marine x2  
  70  11:10  Marine x2  
  71  11:13  SCV  
  71  11:16  Marine x2  
  70  11:28  Marine x2  
  70  11:29  Marauder x2  
  70  11:31  Marine  
  76  11:36  Marine  
  76  11:37  Marine  
Show
View Real Time Build Order
Export as new Build Order

HerOSteve Protoss - Winner!

Build Orders: 1 Gate Expand, Oracle Opening 

Get SALT Encoding   

  12  0:01  Probe (Chrono Boost)  
  13  0:11  Probe (Chrono Boost)  
  14  0:19  Pylon  
  14  0:22  Probe (Chrono Boost)  
  15  0:37  Probe (Chrono Boost)  
  15  0:38  Gateway  
  16  0:44  Assimilator  
  16  0:48  Probe (Chrono Boost)  
  17  0:58  Probe (Chrono Boost)  
  18  1:09  Probe (Chrono Boost)  
  19  1:19  Probe (Chrono Boost)  
  20  1:27  Nexus  
  20  1:36  Cybernetics Core  
  20  1:40  Probe (Chrono Boost)  
  21  1:50  Probe (Chrono Boost)  
  21  1:51  Assimilator  
  22  1:56  Pylon  
  23  2:01  Probe (Chrono Boost)  
  22  2:14  Warp Gate  
  22  2:15  Mothership Core (Chrono Boost)  
  24  2:18  Adept (Chrono Boost)  
  26  2:35  Probe  
  27  2:37  Probe  
  28  2:47  Probe (Chrono Boost)  
  28  2:49  Probe (Chrono Boost)  
  30  2:58  Probe (Chrono Boost)  
  30  3:00  Pylon  
  30  3:02  Pylon  
  30  3:04  Probe (Chrono Boost)  
  32  3:07  Stargate  
  32  3:09  Probe (Chrono Boost)  
  33  3:14  Probe (Chrono Boost)  
  33  3:15  Adept  
  37  3:20  Probe (Chrono Boost)  
  37  3:25  Probe (Chrono Boost)  
  38  3:30  Pylon  
  32  3:41  Probe (Chrono Boost)  
  33  3:46  Probe (Chrono Boost)  
  34  3:50  Oracle (Chrono Boost)  
  34  3:53  Probe  
  38  4:01  Probe  
  38  4:19  Probe  
  39  4:26  Probe  
  40  4:31  Probe  
  40  4:34  Pylon  
  40  4:35  Pylon  
  40  4:36  Probe  
  42  4:38  Pylon  
  42  4:39  Phoenix (Chrono Boost)  
  42  4:43  Probe  
  45  4:47  Probe  
  46  4:55  Probe  
  46  4:57  Gateway  
  46  4:58  Probe, Gateway  
  48  5:07  Probe  
  48  5:08  Probe  
  50  5:15  Adept  
  50  5:19  Probe x2  
  54  5:23  Assimilator  
  54  5:26  Assimilator  
  54  5:29  Probe, Phoenix (Chrono Boost)  
  54  5:32  Probe  
  58  5:40  Probe  
  59  5:44  Probe  
  60  5:50  Probe, Adept  
  60  5:56  Probe  
  59  6:01  Probe  
  59  6:03  Adept  
  62  6:08  Probe  
  53  6:11  Probe  
  53  6:15  Zealot x2  
  58  6:24  Probe  
  58  6:26  Probe  
  60  6:35  Probe  
  60  6:38  Probe  
  62  6:45  Probe  
  62  6:48  Adept  
  62  6:50  Probe  
  66  6:55  Adept x2  
  66  6:56  Probe  
  66  6:58  Pylon  
  66  6:59  Pylon  
  66  7:01  Pylon  
  69  7:02  Probe  
  69  7:05  Pylon  
  69  7:06  Pylon  
  70  7:10  Robotics Facility  
  70  7:14  Probe  
  70  7:16  Phoenix (Chrono Boost)  
  73  7:26  Adept x2  
  69  7:52  Adept x2  
  73  8:12  Gateway  
  71  8:13  Gateway  
  71  8:15  Gateway  
  71  8:17  Gateway  
  71  8:18  Gateway  
  67  8:20  Adept  
  67  8:21  Gateway  
  67  8:24  Gateway  
  69  8:32  Pylon  
  69  8:33  Observer (Chrono Boost), Pylon  
  70  8:36  Pylon  
  70  8:37  Pylon  
  70  8:41  Adept x2  
  74  8:57  Pylon  
  74  8:59  Pylon  
  74  9:16  Immortal (Chrono Boost)  
  75  9:18  Adept x4  
  83  9:27  Adept x3  
  83  9:28  Adept  
  91  9:32  Adept  
  91  9:37  Nexus  
  93  9:40  Adept x3  
  93  9:43  Zealot  
  101  9:50  Immortal (Chrono Boost)  
  105  9:54  Forge  
  105  10:01  Adept x4  
  105  10:02  Zealot x2  
  105  10:03  Zealot  
  105  10:05  Adept x2  
  123  10:30  Adept x2  
  123  10:31  Adept x2  
  123  10:32  Zealot x2, Photon Cannon  
  123  10:35  Sentry, Photon Cannon  
  137  10:51  Zealot x2  
  137  10:52  Zealot  
  133  11:13  Adept  
  133  11:14  Adept x4  
  133  11:15  Stalker  
  145  11:32  Stalker x3  
Tags
 
Add a new tag
Caveats
  • Supply blocks, unpowered buildings, or Contaminate may cause inaccurate times.
  • Supply counts are checked every 10 seconds.